Cogmind - Beta 17 @@@ ROGUE MODE // 2026.06.24 @ 16:24:57 Player: Spoodle Result: Self-destructed Performance ------------- Evolutions (1) 500 Regions Visited (3) 600 Robots Destroyed (47) 235 Value Destroyed (1101) 1101 Prototype IDs (5) 100 Alien Tech Used (0) 0 Bonus (-19) -19 TOTAL SCORE: 2517 Bonus ------- Friendly Fire -19 Cogmind --------- Core Integrity 275/400 Matter 290/300 Energy 280/280 System Corruption 0% Temperature Cool (0) Movement Treading (160) Location -9/Materials Parts ------- > --- POWER (1) -------- Heavy Ion Engine > --- PROPULSION (3) --- Light Treads Light Treads Light Treads > --- UTILITY (3) ------ Heat Sink Large Storage Unit Shield Generator > --- WEAPON (2) ------- Improved Medium Laser Improved Assault Rifle > --- INVENTORY (15) --- Improved Ion Engine Light Treads Improved Treads Improved Treads Improved Treads Shield Generator Hacking Suite Improved Medium Laser Improved Medium Laser Improved Medium Laser Assault Rifle Assault Rifle Grenade Launcher Grenade Launcher Mining Laser Peak State ------------ > --- POWER ------------ Heavy Ion Engine > --- PROPULSION ------- Light Treads Light Treads Improved Treads > --- UTILITY ---------- Heat Sink Large Storage Unit Shield Generator > --- WEAPON ----------- Improved Medium Laser Improved Assault Rifle > --- INVENTORY -------- Improved Ion Engine Light Treads Improved Treads Improved Treads Improved Treads Shield Generator Hacking Suite Improved Medium Laser Improved Medium Laser Improved Medium Laser Assault Rifle Assault Rifle Grenade Launcher Grenade Launcher Mining Laser [Rating: 19] Favorites ----------- Power Ion Engine Engine Ion Engine Propulsion Light Treads Treads Light Treads Leg Aluminum Leg Wheel Armored Wheel Utility Large Storage Unit Device Improved Terrain Scanner Storage Large Storage Unit Processor Improved Targeting Computer Weapon Assault Rifle Energy Gun Improved Medium Laser Ballistic Gun Assault Rifle Launcher Grenade Launcher Special Weapon Mining Laser Build | -11 -10 -10 -9 ------- Run | Yrd Mat Min Mat Slots Evolved 2 | . . . 2 Power . | . . . . Propulsion 1 | . . . 1 Utility 1 | . . . 1 Weapon . | . . . . Parts Attached 43 | 7 8 2 26 Power 6 | 1 1 1 3 Engine 6 | 1 1 1 3 Core . | . . . . Reactor . | . . . . Propulsion 19 | 2 2 . 15 Treads 16 | . 2 . 14 Leg 2 | 2 . . . Wheel 1 | . . . 1 Hover . | . . . . Flight . | . . . . Utility 8 | 2 2 1 3 Device 4 | 1 1 . 2 Storage 3 | 1 1 1 . Processor 1 | . . . 1 Hackware . | . . . . Protection . | . . . . Artifact . | . . . . Weapon 10 | 2 3 . 5 Energy Gun 2 | . . . 2 Energy Cannon . | . . . . Ballistic Gun 5 | 2 2 . 1 Ballistic Cannon . | . . . . Launcher 2 | . . . 2 Special Weapon 1 | . 1 . . Impact Weapon . | . . . . Slashing Weapon . | . . . . Piercing Weapon . | . . . . Special Melee Weapon . | . . . . Unidentified Prototypes 3 | . . . 3 Parts Lost 3 | . . . 3 Power 1 | . . . 1 Propulsion 1 | . . . 1 Utility 1 | . . . 1 Weapon . | . . . . Highest Loss Streak 2 | . . . 2 To Critical Strikes . | . . . . Average Backups 10 | 4 8 9 14 Power . | . . . . Propulsion 2 | 1 2 2 3 Utility 2 | . 2 3 3 Weapon 4 | 1 2 4 7 Tool/Special . | . . . . Unused Backups 18 | . 2 . 16 Power 2 | . 1 . 1 Propulsion 6 | . . . 6 Utility 3 | . 1 . 2 Weapon 7 | . . . 7 Tool/Special . | . . . . Average Slot Usage (%) 98 | . 100 100 96 Engine 12 | . 14 14 10 Treads 24 | . 17 28 29 Leg 3 | . 10 . . Device 14 | . 14 14 14 Storage 12 | . 14 14 11 Processor 2 | . . . 6 Energy Gun 3 | . . . 7 Ballistic Gun 21 | . 25 26 14 Special Weapon 1 | . 2 1 . Peak Build Rating 19 | 7 10 10 19 Average Rating 11 | 5 9 10 14 On Entrance 6 | . 7 10 10 Avg Prop Armor Cover (%) 11 | . 7 . 17 Naked Turns . | . . . . Heaviest Build 37 | 12 20 30 37 Greatest Support 63 | 20 40 40 63 Greatest Overweight (x) 2 | . . . 2 Average Overweight (x) . | . . . . Largest Inventory Capacity 15 | 8 10 15 15 Average Capacity 12 | 7 8 13 15 Most Carried 15 | 7 10 10 15 Average Carried 10 | 4 8 9 14 Final Capacity 15 | 8 10 15 15 Final Carried 15 | 7 10 9 15 Class Distribution -------------------- 83% | Mutant 16% | Scavenger-Mutant Dominant Class ---------------- Mutant | -10/Materials Mutant | -10/Mines Mutant | -9/Materials Resources | -11 -10 -10 -9 ----------- Run | Yrd Mat Min Mat Matter Collected 1354 | 318 303 115 618 Remotely . | . . . . Salvage Created 1650 | 131 397 71 1051 Parts 113 | 16 29 3 65 Haulers Intercepted 5 | . 1 . 4 Recyclers Shooed 2 | . . 1 1 Parts Field Recycled . | . . . . Retrieved Matter . | . . . . Parts Self-Destructed . | . . . . Prevented . | . . . . Parts Restored . | . . . . Kills | -11 -10 -10 -9 ------- Run | Yrd Mat Min Mat Combat Hostiles Destroyed 28 | . 9 3 16 Guns 28 | . 9 3 16 Classes Destroyed 11 | 2 5 . 4 Worker 4 | . 2 . 2 Builder 1 | . . . 1 Tunneler 5 | 4 1 . . Hauler 5 | . 1 . 4 Recycler 1 | 1 . . . Operator 1 | . 1 . . Watcher 2 | . . . 2 Swarmer 4 | . 2 2 . Grunt 14 | . 7 1 6 Brawler 1 | . . . 1 Sentry 9 | . . . 9 Best Kill Streak 7 | 4 4 2 7 Combat Bots Only 4 | . 4 2 3 Max Kills in Single Turn 2 | 1 2 1 1 Gunslinging . | . . . . Exploded . | . . . . Melee . | . . . . Uniques/NPCs Destroyed . | . . . . Combat | -11 -10 -10 -9 -------- Run | Yrd Mat Min Mat Hostile Shots Fired 165 | . 51 19 95 Missed 50 | . 16 2 32 Hits 115 | . 35 17 63 Projectile 115 | . 35 17 63 Critical Strikes 3 | . . 1 2 Damage Taken 1228 | . 353 160 715 Core 217 | . 82 10 125 Absorbed by Shields 129 | . . . 129 Core Remaining (%) 81 | 100 . 63 . Volleys Fired 145 | 12 47 11 75 Largest 2 | 2 2 2 2 Hottest 100 | 40 100 40 79 Shots Fired 282 | 24 89 23 146 Gun 275 | 24 84 23 144 Cannon . | . . . . Launcher 2 | . . . 2 Special 5 | . 5 . . Kinetic 229 | 24 84 23 98 Thermal 51 | . 5 . 46 Explosive 2 | . . . 2 Electromagnetic . | . . . . Robot Hit Streak 14 | 4 12 7 14 Robot Miss Streak 6 | 2 6 4 3 Penetration Max . | . . . . Secondary Targets 1 | . . . 1 Max Gunslinging Chain 1 | . . . 1 Shots Hit Robots 184 | 14 51 13 106 Core Hits 79 | 7 23 7 42 Critical Kills . | . . . . Critical Parts Destroyed . | . . . . Critical Strikes 1 | . . . 1 Burn 1 | . . . 1 Melee Attacks . | . . . . Impact . | . . . . Slashing . | . . . . Piercing . | . . . . Sneak Attacks . | . . . . Combat Hostiles . | . . . . Follow-up Attacks . | . . . . Damage Inflicted 2588 | 150 592 195 1651 Guns 2472 | 146 587 173 1566 Cannons . | . . . . Explosions 51 | . . . 51 Melee . | . . . . Ramming 65 | 4 5 22 34 Kinetic 1755 | 146 587 173 849 Thermal 717 | . . . 717 Explosive 51 | . . . 51 Electromagnetic . | . . . . Impact . | . . . . Slashing . | . . . . Piercing . | . . . . Highest Corruption 1 | . 1 1 . Average Corruption 1 | . 1 1 . Corruption Purged . | . . . . Corruption Blocked . | . . . . Effects 12 | . 8 4 . Message Errors 3 | . 1 2 . Matter Fused 5 | . 5 . . Energy Discharges 1 | . 1 . . Data Loss (minor) 2 | . 1 1 . Misfires 1 | . . 1 . Overload Shots . | . . . . Overflow Damage . | . . . . Projectiles . | . . . . Explosions . | . . . . Melee . | . . . . Knockbacks . | . . . . Impact . | . . . . Kinetic . | . . . . Secondary . | . . . . Self-Inflicted Damage . | . . . . Shots . | . . . . Rammed 13 | . 2 4 7 Targets Rammed 17 | 2 3 4 8 Kicked 3 | 2 1 . . Crushed 1 | . . . 1 Highest Temperature 102 | . 40 6 102 Average Temperature 27 | . 10 2 36 Received Heat Transfer 492 | . 141 36 315 Siege Activations . | . . . . Martial Activations . | . . . . Shielding Activations . | . . . . Robots Disrupted . | . . . . Combat Hostiles . | . . . . Robots Corrupted . | . . . . Combat Hostiles . | . . . . Parts Fried . | . . . . Impact Corruptions . | . . . . Robots Melted . | . . . . Combat Hostiles . | . . . . Parts Melted 3 | . . . 3 Heat Transferred 1591 | . . . 1591 Parts Sabotaged . | . . . . Parts Stolen . | . . . . Parts Stripped . | . . . . Power Chain Reactions . | . . . . Alert | -11 -10 -10 -9 ------- Run | Yrd Mat Min Mat Maximum Alert Level 1 | . . . 1 Low Security (%) 89 | 100 100 100 75 Level 1 10 | . . . 24 Level 2 . | . . . . Level 3 . | . . . . Level 4 . | . . . . Level 5 . | . . . . High Security . | . . . . Max Security . | . . . . Peak Influence 225 | 10 94 53 225 Initial 17 | . . 13 17 Average 58 | 1 29 9 110 Influence Increases 1001 | 25 333 95 548 Destroy 0b10 Robot/C 560 | . 180 60 320 Destroy 0b10 Robot/NC 95 | 25 25 . 45 Destroy Leader 204 | . 52 20 132 Successful Hack 52 | . 26 . 26 Select Force Hacks 30 | . 30 . . Disable Machine 15 | . 15 . . Destroy Structure 30 | . 5 . 25 Lose Combat Pursuer 15 | . . 15 . Influence Decreases 788 | 25 298 85 380 Entered New Map 50 | . . 22 28 Time Decay 728 | 25 298 63 342 Lost Part 10 | . . . 10 Squads Dispatched 5 | . 3 . 2 Investigation 2 | . 2 . . Extermination . | . . . . Reinforcement 3 | . 1 . 2 Assault . | . . . . Garrison . | . . . . Intercept . | . . . . Searches Triggered . | . . . . Construction Impeded . | . . . . Haulers Reinforced . | . . . . Active Scanning Responses . | . . . . Cargo Convoy Interrupts . | . . . . Stealth | -11 -10 -10 -9 --------- Run | Yrd Mat Min Mat Distress Signals 5 | . 1 . 4 Communications Jammed . | . . . . Distress Signals . | . . . . Times Spotted 49 | . 16 6 27 Peak Tracking Total 5 | . 4 3 5 Tactical Retreats 1 | . . 1 . Traps | -11 -10 -10 -9 ------- Run | Yrd Mat Min Mat Traps Triggered 3 | . 2 . 1 Indirectly . | . . . . Trap Hack Attempts . | . . . . Triggered . | . . . . Disarmed . | . . . . Reprogrammed . | . . . . Reused . | . . . . Traps Extracted . | . . . . Installed . | . . . . Triggered . | . . . . Machines | -11 -10 -10 -9 ---------- Run | Yrd Mat Min Mat Machines Disabled 1 | . 1 . . Max in Single Turn 1 | . 1 . . Machines Repaired . | . . . . Machines Dismantled . | . . . . Machines Sabotaged . | . . . . Overloaded Fab Kills . | . . . . Hacking | -11 -10 -10 -9 --------- Run | Yrd Mat Min Mat Machines Accessed 12 | . 7 . 5 Terminals 10 | . 6 . 4 Fabricators . | . . . . Repair Stations . | . . . . Recycling Units 1 | . 1 . . Scanalyzers 1 | . . . 1 Garrison Access . | . . . . Total Hacks 31 | . 19 . 12 Successful 15 | . 9 . 6 Failed 16 | . 10 . 6 Catastrophic 2 | . . . 2 Database Lockouts . | . . . . Manual 22 | . 14 . 8 Terminals 28 | . 17 . 11 Fabricators . | . . . . Repair Stations . | . . . . Recycling Units 2 | . 2 . . Scanalyzers 1 | . . . 1 Garrison Access . | . . . . Terminal Hacks 6 | . 3 . 3 Robot Analysis 3 | . 2 . 1 Prototype ID Bank 1 | . . . 1 Terminal Index 1 | . . . 1 Zone Layout 1 | . 1 . . Fabricator Hacks . | . . . . Repair Station Hacks . | . . . . Recycling Unit Hacks . | . . . . Scanalyzer 1 | . . . 1 Retrieve Study 1 | . . . 1 Garrison Access Hacks . | . . . . Unauthorized Hacks 8 | . 6 . 2 Terminals 6 | . 4 . 2 Track 1 | . 1 . . Botnet 3 | . 2 . 1 Operators 2 | . 1 . 1 Fabricators . | . . . . Repair Stations . | . . . . Recycling Units 2 | . 2 . . Recyclers 1 | . 1 . . Tunnel 1 | . 1 . . Scanalyzers . | . . . . Garrison Access . | . . . . Data Cores Recovered 1 | . 1 . . Used 1 | . 1 . . Hacking Detections 9 | . 4 . 5 Full Trace Events 1 | . 1 . . Feedback Events . | . . . . Feedback Blocked . | . . . . Robot Schematics Acquired . | . . . . Robots Built . | . . . . Authchips . | . . . . Time . | . . . . Total Robot Build Rating . | . . . . Part Schematics Acquired . | . . . . Parts Built . | . . . . Authchips . | . . . . Time . | . . . . Total Part Build Rating . | . . . . Part Studies Acquired 1 | . . . 1 Parts Repaired . | . . . . Time . | . . . . Parts Recycled . | . . . . Recycled Matter . | . . . . Retrieved Matter . | . . . . Retrieved Components . | . . . . Parts Scanalyzed . | . . . . Part Schematics Acquired . | . . . . Parts Damaged . | . . . . Bothacking | -11 -10 -10 -9 ------------ Run | Yrd Mat Min Mat Used RIF Installer . | . . . . Robots Hacked . | . . . . Non-combat . | . . . . Combat . | . . . . Robot Hacks Applied . | . . . . Relay Couplers Released . | . . . . Fabnet Peak Effective % . | . . . . Robots Rewired . | . . . . Allies Hacked . | . . . . Hacks Repelled . | . . . . Allies | -11 -10 -10 -9 -------- Run | Yrd Mat Min Mat Total Allies . | . . . . Largest Group . | . . . . Highest-Rated Group . | . . . . Highest-Rated Ally . | . . . . Total Orders . | . . . . Ally Attacks . | . . . . Total Damage . | . . . . Kills . | . . . . Allies Corrupted . | . . . . Allies Melted . | . . . . Intel | -11 -10 -10 -9 ------- Run | Yrd Mat Min Mat Active Infowar (turns) 1522 | 23 797 378 324 Terrain 1210 | . 797 378 35 Seismic 312 | 23 . . 289 Robot Analysis Total 3 | . 2 . 1 Derelict Logs Recovered 2 | . . 2 . Drone Launches . | . . . . Drone Recoveries . | . . . . Exploration | -11 -10 -10 -9 ------------- Run | Yrd Mat Min Mat Turns Passed 2234 | 129 797 378 930 Spaces Moved 1047 | 65 379 198 405 Core 4 | 4 . . . Treads 838 | . 309 198 331 Legs 131 | 61 70 . . Wheels 74 | . . . 74 Hover . | . . . . Flight . | . . . . Fastest Speed 50 | 50 120 160 120 Average Speed 152 | 115 152 160 153 Slowest Speed 240 | 120 160 160 240 Overloaded Moves . | . . . . Propulsion Burnouts . | . . . . Robots Hopped . | . . . . Potential Cave-ins . | . . . . Cave-ins Triggered . | . . . . Exploration Rate (%) 48 | 3 79 52 59 Regions Visited 3 Branch Regions 1 Pre-discovered Areas 1 | . 1 . . Known Exits Taken . | . . . . Unknown Exits Taken 3 | 1 1 1 . Scrap Searched 1 | . . 1 . Spaces Dug 3 | . 3 . . Terrain Destroyed 26 | . 3 . 23 Melee . | . . . . Projectile 3 | . 3 . . AOE 23 | . . . 23 Terrain Rammed . | . . . . Walls Destroyed . | . . . . Machines Disabled . | . . . . Actions | -11 -10 -10 -9 --------- Run | Yrd Mat Min Mat Total 1401 | 94 502 235 570 Wait 73 | . 51 18 4 Move 1044 | 64 378 197 405 Hop . | . . . . Pick Up 30 | 9 4 . 17 Fast Attach 19 | 5 5 . 9 Attach 6 | 2 . . 4 Detach . | . . . . Swap 30 | . 6 3 21 Drop 37 | . 8 2 27 Fire 145 | 12 47 11 75 Melee . | . . . . Ram . | . . . . Kick 3 | 2 1 . . Crush 14 | . 2 4 8 Escape Stasis . | . . . . Rewire . | . . . . Trap . | . . . . Miscellaneous . | . . . . Route ------- -11/Scrapyard -10/Materials (discovered 4 exits: *Mat x2 / [*Min] / *Sub) -10/Mines (discovered 2 exits: *Mat / Sub) -9/Materials (discovered 5 exits: *Mat x2 / Min / *Sto x2) History --------- Turn | Location | Event 6 | -11/Scrapyard | Discovered new exit (range 16) 130 | -11/Scrapyard | Entered Materials 320 | -10/Materials | Build established: Mutant 461 | -10/Materials | Discovered new exit (range 3) 612 | -10/Materials | Discovered new exit (range 7) 836 | -10/Materials | Discovered new exit (range 9) 871 | -10/Materials | Discovered new exit (range 7) 927 | -10/Materials | Entered Mines 945 | -10/Mines | Identified exit to Subcaves 1001 | -10/Mines | Learned 8 Materials zone layouts 1187 | -10/Mines | Assembled infested the area 1192 | -10/Mines | Assisted by a Guerilla fighting off Assembled 1250 | -10/Mines | Discovered new exit (range 8) 1305 | -10/Mines | Entered Materials 1305 | -9/Materials | Evolved 2 slots: Propulsion x1, Utility x1 1306 | -9/Materials | Identified exit to Materials 1306 | -9/Materials | Identified exit to Mines 1306 | -9/Materials | Identified exit to Storage 2235 | -9/Materials | Self-destructed Last Messages --------------- 02107_ Acquired Imp. Treads. 02110_ Acquired Lgt. Treads+. 02116_ K-01 Serf collects debris. 02121_ Dropped Lgt. Treads+. 02126_ Acquired 46 matter. 02127_ K-01 Serf collects debris. 02127_ Slammed into K-01 Serf. 02129_ Dropped Imp. Treads. 02129_ Acquired Lgt. Treads+. 02151_ U-05 Engineer builds a Door. 02155_ Crushed U-05 Engineer. 02155_ U-05 Engineer destroyed. 02163_ K-01 Serf collects debris. 02211_ Y-45 Defender suffers critical hit (Burn). 02217_ Beam Rifle melted. 02217_ Lgt. Armor Plating melted. 02217_ Y-45 Defender destroyed. 02221_ Acquired 22 matter. 02224_ Dropped Lgt. Treads+. 02235_ Connecting with Terminal... Map ----- +----------------------------------------------------+ | ????# # ## ##% #######???? | | ????# # ## ## # #???? | | ????# ?# ## ## # """#???? | | ????######?# ## ## #[ """#???? | | ???????????# ## ## # """#???? | | ???????????# ## ## # #???? | | ???????????# ## ## # """#???? | | ???????????# ## ## # """#???? | | ???????????# ## ## # """##### | | ???????????# ######## # ## | | ????######## u #??????# ###+#### | | ????# # o#??????# # " | | ????# """ # ######?# + " | | ????# """ + # #?# # " | | ????# """ # # != #?########## # | | ????# # # != #??????????# # = | | ????# # # != #?########## #### | | ????######## # #?# # ## | | ????#! # # ""#?# =]* # !!! | | ????# # # T"#?#! =] + [%= | | ????# " " + + ""#?# ]* # *[ | | ????# "R" # #=% #?# # ## | | ????# """ # ### ##?# ######## | | ????# ?# #####??########??????? | | ????######?# ]]#????????????????? | | ??????????##@ ]]#????????????????? | | ??????????#T ==#????????????????? | | ??????????## ==#????????????????? | | ???????????# !!#????????????????? | | ???????????# !!#????????????????? | | ???????????# #####????????????????? | | ???????????# #????????????????????? | | ???????????# #????????????????????? | | ???????????# #????????????????????? | | ???????????# #????????????????????? | | ???????????# #????????????????????? | | ???????????# < #????????????????????? | | ???????????# #????????????????????? | | ???????????#####????????????????????? | | ????????????????????????????????????? | | ????????????????????????????????????? | | ????????????????????????????????????? | | ????????????????????????????????????? | | ????????????????????????????????????? | | ????????????????????????????????????? | | ????????????????????????????????????? | | ????????????????????????????????????? | | ????????????????????????????????????? | | ????????????????????????????????????? | | ????????????????????????????????????? | +----------------------------------------------------+ Best States ------------- Heat Dissipation 38 Energy Generation 14 Energy Capacity 280 Matter Stores 300 Matter Capacity 300 Sight Range 16 Terrain Scan Range 16 Terrain Scan Density 10 Evasion (%) 50 Targeting Accuracy 6 Recoil Reduction 3 Item Schematics ----------------- None Robot Schematics ------------------ None Fabricated ------------ Nothing Repaired ---------- Nothing Studied --------- Lgt. Treads | -9/Materials | Hacked Alien Tech Used ----------------- None Achievements -------------- None Challenges ------------ None Game ------ Seed ArcsightConceptSpecial Manual? 0 Play Time 00:22:44 Cumulative 630.8 hours Start 2026.06.24 @ 16:06:33 End 2026.06.24 @ 16:24:57 Sessions 1 Manual Loads 0 Difficulty Rogue Special Mode None Game No. 242 Rogue 242 Adventurer 0 Explorer 0 Win Type - Total 26 Types 14/1/6/2/0/1/1/1/0/0 Lore% 92 Gallery% 82 Achievement% 68 Wizard Run 0 Options --------- Layout 0 ASCII 0 Keyboard 1 Movement Numpad Keybinds 0 Fullscreen 2 Font 18/SmallcapsGlow Map View 76x50 Zoom Use 0% Tactical HUD 1 Map Filters NONE Filters NONE Steam 1 RUN: 34fcb7dc-dc18-4e59-9c84-a7af0cfe91e1